 Dungeon Crawl Stone Soup version 0.26-a0-606-g3c8f2f65f7 (webtiles) character file.

Game seed: 16766419335063640468

5562 Mitsuki the Destroyer (level 10, -3/58 (59) HPs)
             Began as a Deep Elf Conjurer on Aug 31, 2020.
             Was a Believer of Vehumet.
             Shot with an arrow by a centaur warrior (16 damage)
             ... on level 10 of the Dungeon on Sept 1, 2020.
             The game lasted 00:55:54 (13404 turns).

Mitsuki the Destroyer (Deep Elf Conjurer)          Turns: 13404, Time: 00:55:54

HP:   -3/58 (59)    AC:  4    Str:  7    XL:     10   Next: 44%
MP:   21/25         EV: 17    Int: 30    God:    Vehumet [**....]
Gold: 628           SH:  0    Dex: 13    Spells: 15/27 levels left

rFire    + . .     SeeInvis +   K - +2 hand axe "Qiatz" {venom, rF+ Dex+2 SInv Stlth+} (curse)
rCold    . . .     Faith    .   (no shield)
rNeg     . . .     Spirit   .   a - +0 robe
rPois    .         Reflect  .   F - +0 hat
rElec    .         Harm     .   f - scarf {repulsion}
rCorr    .                      y - +0 pair of gloves
MR       +....                  x - +0 pair of boots
Stlth    +++.......             (no amulet)
HPRegen  0.19/turn              e - +6 ring of intelligence
MPRegen  0.19/turn              (no ring)

@: repel missiles
A: clumsy 1, sense surroundings 1, subdued magic 1
a: Renounce Religion


You were on level 10 of the Dungeon.
You worshipped Vehumet.
Vehumet was pleased with you.
You visited 2 branches of the dungeon, and saw 11 of its levels.
You also visited: Sewer.

You collected 628 gold pieces.

Inventory:

Hand Weapons
 K - the cursed +2 hand axe "Qiatz" (weapon) {venom, rF+ Dex+2 SInv Stlth+}
   (You found it on level 8 of the Dungeon)

   It poisons the flesh of those it strikes.
   It affects your dexterity (+2).
   It protects you from fire.
   It lets you see invisible.
   It makes you more stealthy.
   It has a curse placed upon it.
Missiles
 t - 6 throwing nets (quivered)
Armour
 a - a +0 robe (worn)
 f - a scarf of repulsion (worn)
 x - a +0 pair of boots (worn)
 y - a +0 pair of gloves (worn)
 F - a +0 hat (worn)
Jewellery
 e - a +6 ring of intelligence (left hand)
 h - the ring of Temperance {*Tele rElec rN+}
   (You found it on level 4 of the Dungeon)

   [ring of teleportation]

   It may teleport you next to monsters.
   It insulates you from electricity.
   It protects you from negative energy.
 n - an uncursed ring of see invisible
 B - an uncursed ring of ice
Wands
 c - a wand of iceblast (11)
 p - a wand of polymorph (8)
 H - a wand of digging (1)
Scrolls
 d - 6 scrolls of remove curse
 g - 3 scrolls of amnesia {unknown}
 l - 3 scrolls of fear {unknown}
 m - 6 scrolls of enchant armour
 v - 4 scrolls of teleportation
 C - a scroll of blinking {unknown}
 D - a scroll of torment {unknown}
 G - 2 scrolls of identify
Potions
 b - 2 potions of lignification {unknown}
 i - 3 potions of stabbing
 j - a potion of ambrosia
 k - 8 potions of curing
 o - 2 potions of brilliance {unknown}
 q - a potion of magic {unknown}
 r - 3 potions of might {unknown}
 s - 5 potions of heal wounds
 u - 2 potions of flight {unknown}
 w - 3 potions of invisibility {unknown}
 z - 2 potions of degeneration {unknown}
 A - a potion of resistance {unknown}
 J - 3 potions of haste {unknown}


   Skills:
 + Level 5.1 Fighting
 + Level 8.1 Dodging
 - Level 2.4 Stealth
 + Level 9.0 Spellcasting
 + Level 9.2 Conjurations
 - Level 2.0 Translocations
 * Level 8.7 Fire Magic


You had 15 spell levels left.
You knew the following spells:

 Your Spells              Type           Power        Failure   Level
a - Magic Dart            Conj           ####         1%          1
b - Searing Ray           Conj           ######       1%          2
c - Apportation           Tloc           ###...       1%          1
d - Blink                 Tloc           N/A          1%          2
e - Conjure Flame         Conj/Fire      ######..     1%          3
f - Mephitic Cloud        Conj/Pois/Air  ###.....     2%          3

Your spell library contained the following spells:

 Spells                   Type           Power        Failure   Level
 Frozen Ramparts          Ice            ##....       10%         3
 Dazzling Flash           Conj/Hex       ####..       1%          3
 Animate Skeleton         Necr           ##....       2%          1
 Beastly Appendage        Tmut           ##....       2%          1
 Corona                   Hex            ##.....      2%          1
 Summon Small Mammal      Summ           ##..         2%          1
 Iskenderun's Mystic Bla  Conj/Tloc      #####...     2%          4
 Gell's Gravitas          Tloc           ###.......   3%          3
 Call Imp                 Summ           ##......     4%          2
 Slow                     Hex            ##......     4%          2
 Wereblood                Tmut           ##......     4%          2
 Fulminant Prism          Conj/Hex       ####......   4%          4
 Confusing Touch          Hex            ##......     10%         3
 Spider Form              Tmut/Pois      ##........   10%         3
 Ice Form                 Ice/Tmut       ##......     32%         4
 Petrify                  Tmut/Erth      ##......     32%         4
 Blade Hands              Tmut           ##........   67%         5
 Metabolic Englaciation   Hex/Ice        ##........   67%         5
 Yara's Violent Unravell  Hex/Tmut       ##........   67%         5


Dungeon Overview and Level Annotations

Branches:
Dungeon (10/15)            Temple (1/1) D:6             Orc (0/2) D:9
  Sewer (visited)
   Lair: D:8-11

Altars:
Ashenzari
Cheibriados
Dithmenos
Elyvilon
Fedhas
Gozag
Hepliaklqana
Kikubaaqudgha
Makhleb
Nemelex Xobeh
Okawaru
Qazlal
Ru
Sif Muna
Trog
Uskayaw
Vehumet
Wu Jian
Xom
Yredelemnul
Zin
The Shining One

Shops:
D:5 }   D:8 (

Annotations:
D:3 Grinder


Innate Abilities, Weirdness & Mutations

You are clumsy. (Dex -2)
You passively map a small area around you.
Your spells are a little easier to cast, but a little less powerful.


Message History

You see here a stone.
The centaur warrior shoots an arrow.
The arrow closely misses you.
The centaur warrior shoots an arrow.
The arrow hits you!
* * * LOW HITPOINT WARNING * * *
You hear a shout!
You take 10 damage, and have 13/58 hp.
Casting: Magic Dart (safe; 1% risk of failure)
Confirm with . or Enter, or press ? or * to list all spells.
You can't see any susceptible monsters within range! (Use Z to cast anyway.) Unknown command.
Casting: Magic Dart (safe; 1% risk of failure)
Confirm with . or Enter, or press ? or * to list all spells.
Press: ? - help, Shift-Dir - straight line The ball explodes into a vile cloud!
The centaur warrior shoots an arrow.
The arrow closely misses you.
You now have 21/25 mp.
The centaur warrior shoots an arrow.
The arrow completely misses you.
You see here an arrow.
The centaur warrior shoots an arrow.
The arrow hits you!
You die...

, * g....#.8.(...####
, ≈≈≈≈≈#.).#c..#..###
....(....#○........
.........#.○#..### **
≈≈≈≈≈≈#......○..###
.....#.8.÷..[....##
######............###
*
###...#.(((.......#*
.........[@(.......
#>.....#.#.<.....#.
.......##.#.........
........#...........
.........÷<..##.....,
* ,
...................,
* .....#...........#.
, .... #...=.....###
, ..,.......##..# ,


You could see a centaur warrior.

Vanquished Creatures
  An ugly thing (D:9)
  A hippogriff (D:9)
  A wyvern (D:8)
  A warg (D:9)
  5 orc warriors
  4 sky beasts
  A necrophage (D:8)
  4 phantoms
  4 ogres
  2 crocodiles
  4 lemures (D:6)
  2 big kobolds
  5 bullfrogs
  A gnoll sergeant (D:10)
  2 scorpions
  5 killer bees (D:9)
  9 wights
  A howler monkey (D:7)
  3 hounds
  9 orc priests
  2 gnoll shamans
  2 centaur skeletons
  2 jellies
  4 iguanas
  4 orc wizards
  6 worker ants
  Ijyb (D:3)
  3 big kobold zombies (Sewer)
  A hound zombie (D:6)
  2 worker ant zombies
  A howler monkey zombie (D:5)
  10 gnolls
  10 adders
  4 shadow imps
  3 white imps
  An ufetubus (D:5)
  2 oozes
  An adder zombie (Sewer)
  2 worms (D:5)
  2 dart slugs
  5 leopard geckos
  29 orcs
  3 ball pythons
  3 bats
  11 giant cockroaches
  16 goblins
  8 hobgoblins
  12 jackals
  25 kobolds
  7 quokkas
  8 frilled lizards
  A jackal skeleton (D:4)
  4 kobold zombies (Sewer)
  A leopard gecko skeleton (D:6)
  A leopard gecko zombie (D:5)
  A quokka zombie (D:9)
  13 rats
276 creatures vanquished.

Vanquished Creatures (others)
  A jackal (D:6)
1 creature vanquished.

Grand Total: 277 creatures vanquished

Notes
Turn   | Place    | Note
-------+----------+-------------------------------------------
     0 | D:1      | Mitsuki the Deep Elf Conjurer began the quest for the Orb.
     0 | D:1      | Reached XP level 1. HP: 10/10 MP: 6/6
   103 | D:1      | Reached XP level 2. HP: 4/16 MP: 0/8
   641 | D:1      | Learned a level 2 spell: Searing Ray
   979 | D:1      | Reached XP level 3. HP: 20/20 MP: 7/9
  1408 | D:2      | Reached skill level 5 in Conjurations
  1645 | D:2      | Reached skill level 1 in Fighting
  1745 | D:2      | Found a shimmering altar of Xom.
  1748 | D:2      | Found a burning altar of Makhleb.
  1935 | D:2      | Reached XP level 4. HP: 25/25 MP: 6/11
  2410 | D:3      | You fall into a shaft and drop 3 floors!
  2438 | D:6      | Noticed a lemure
  2438 | D:6      | Noticed a lemure
  2438 | D:6      | Noticed a sky beast
  2624 | D:6      | Noticed a phantom
  2636 | D:6      | Killed a phantom
  2636 | D:6      | Reached XP level 5. HP: 21/29 MP: 3/13
  2729 | D:6      | Found a staircase to the Ecumenical Temple.
  2738 | Temple   | Entered the Ecumenical Temple
  2864 | D:5      | Entered Level 5 of the Dungeon
  3007 | D:5      | Learned a level 1 spell: Apportation
  3024 | D:5      | Found a glowing drain.
  3117 | Sewer    | Entered a sewer
  3261 | Sewer    | Reached XP level 6. HP: 23/35 MP: 4/14
  3576 | Sewer    | Found an ancient bone altar of Kikubaaqudgha.
  3581 | Sewer    | Reached skill level 1 in Translocations
  3731 | Sewer    | Reached skill level 5 in Spellcasting
  3956 | Sewer    | Reached XP level 7. HP: 28/40 MP: 7/16
  4061 | Sewer    | Learned a level 2 spell: Blink
  4065 | Sewer    | Learned a level 3 spell: Conjure Flame
  4287 | D:5      | Found Plog's Gadget Emporium.
  4401 | D:3      | Found a faded altar of an unknown god.
  4624 | D:3      | Noticed Ijyb
  4652 | D:3      | Killed Ijyb
  4789 | D:3      | Found a basalt altar of Yredelemnul.
  5029 | D:3      | Noticed Grinder
  5374 | D:4      | Reached skill level 1 in Fire Magic
  5994 | D:4      | Got a smoking glass ring
  6111 | D:4      | Found a blossoming altar of Fedhas.
  6505 | D:5      | Identified the ring of Temperance {*Tele rElec rN+} (You
                  | found it on level 4 of the Dungeon)
  6710 | D:5      | Reached skill level 5 in Dodging
  7321 | D:5      | Gained mutation: You are clumsy. (Dex -2) [potion of
                  | mutation]
  7321 | D:5      | Gained mutation: Your spells are a little easier to cast,
                  | but a little less powerful. [potion of mutation]
  7321 | D:5      | Gained mutation: You have supernaturally acute eyesight.
                  | (SInv) [potion of mutation]
  7322 | D:5      | Lost mutation: You have supernaturally acute eyesight.
                  | (SInv) [potion of mutation]
  7322 | D:5      | Gained mutation: You passively map a small area around you.
                  | [potion of mutation]
  7322 | D:5      | Gained mutation: Scrolls take you a little longer to read.
                  | [potion of mutation]
  7322 | D:5      | Lost mutation: Scrolls take you a little longer to read.
                  | [potion of mutation]
  7327 | D:5      | Learned a level 3 spell: Mephitic Cloud
  7468 | D:6      | Found a glowing silver altar of Zin.
  7502 | D:6      | Found a hide-covered altar of Uskayaw.
  7861 | D:6      | Found a radiant altar of Vehumet.
  7861 | D:6      | Found a shimmering blue altar of Sif Muna.
  7862 | D:6      | Found a stormy altar of Qazlal.
  7869 | D:6      | Became a worshipper of Vehumet
  8132 | D:6      | Reached XP level 8. HP: 46/46 MP: 12/18
  8686 | D:7      | Found a bloodstained altar of Trog.
  9070 | D:7      | Reached * piety under Vehumet
  9070 | D:7      | Offered knowledge of Foxfire by Vehumet.
  9079 | D:7      | Reached skill level 5 in Fire Magic
  9671 | D:8      | Reached XP level 9. HP: 48/52 MP: 13/21
  9848 | D:8      | You fall into a shaft and drop 2 floors!
  9848 | D:10     | Entered Level 10 of the Dungeon
  9881 | D:10     | Upgraded the game from 0.26-a0-602-gd42a14c23b to
                  | 0.26-a0-606-g3c8f2f65f7
 10090 | D:8      | Got a polished hand axe
 10163 | D:7      | Identified the cursed +2 hand axe "Qiatz" {venom, rF+ Dex+2
                  | SInv Stlth+} (You found it on level 8 of the Dungeon)
 10389 | D:8      | Offered knowledge of Freeze by Vehumet.
 10645 | D:8      | Reached ** piety under Vehumet
 10943 | D:8      | Found Qeryth's Antique Weapon Boutique.
 11414 | D:9      | Found a staircase to the Orcish Mines.
 11861 | D:9      | Reached XP level 10. HP: 57/57 MP: 19/24
 12739 | D:10     | Noticed a brown ugly thing
 12758 | D:9      | Killed a brown ugly thing
 12758 | D:9      | Reached skill level 5 in Fighting
 13222 | D:10     | Offered knowledge of Frozen Ramparts by Vehumet.
 13295 | D:10     | Found a white marble altar of Elyvilon.
 13389 | D:10     | Noticed a centaur warrior
 13404 | D:10     | Shot with an arrow by a centaur warrior

Illustrated notes

Levels and vault maps discovered:
D:1:      mushboom_english_gardens, layout_basic
D:2:      layout_basic, grunt_temple_overflow_open
D:3:      kennysheep_the_goblin_king, layout_basic, lemuel_round_altar,
          chequers_ecumenical_altar_simple, kennysheep_generic_room_10,
          uniq_grinder
D:4:      layout_loops_ring, fedhas_altar_4
D:5:      layout_cave_pods, serial_shops, shop, cheibrodos_sewer_entry_bend,
          guppyfry_early_lair_pool
D:6:      layout_loops_ring, gammafunk_temple_overflow_forgotten,
          gammafunk_temple_overflow_pools, minmay_temple_entry_junction,
          minmay_misc_feat_five, uniq_pikel
D:7:      layout_rooms, bloody_trog
D:8:      layout_gridville, serial_shops, nicolae_shop_behind_doors
D:9:      layout_loops_ring, erik_orc_3
D:10:     layout_cave_pools, ploomutoo_gammafunk_ghost_potion_laboratory,
          serial_gnoll_camp, gnoll_camp_huts_basic, gnoll_camp_medium_01,
          gnoll_camp_mini_shop, gnoll_camp_mini_basic, minmay_liquid_box,
          jmf_multi_god_temple
Temple:   nicolae_temple_god_jail

Skill      XL: |  1  2  3  4  5  6  7  8  9 10 |
---------------+-------------------------------+-----
Conjurations   | 5 6 7 8 9 |  9.2
Dodging        | 3 4 5 6 7 8 |  8.1
Fighting       | 1 2 3 4 5 |  5.1
Spellcasting   | 4 5 7 8 9 |  9.0
Translocations | 1 2 |  2.0
Fire Magic     | 3 5 7 8 |  8.7
Stealth        | |  2.4

Action                   |  1- 3 |  4- 6 |  7- 9 | 10-12 || total
-------------------------+-------+-------+-------+-------++-------
Melee: Dagger            |     3 |    32 |    36 |       ||    71
       Hand axe          |       |       |    19 |     6 ||    25
 Cast: Magic Dart        |    80 |   126 |   355 |    85 ||   646
       Searing Ray       |     2 |     7 |    42 |    10 ||    61
       Apportation       |       |     1 |     1 |       ||     2
       Conjure Flame     |       |       |     6 |       ||     6
       Blink             |       |       |     5 |     2 ||     7
       Mephitic Cloud    |       |       |     4 |     2 ||     6
  Use: Scroll            |       |     5 |    12 |       ||    17
       Potion            |       |       |     3 |       ||     3
 Stab: Sleeping          |       |     1 |     1 |       ||     2
Armor: Robe              |     1 |     7 |     9 |     4 ||    21
Dodge: Dodged            |     6 |    51 |   137 |    44 ||   238
       Repelled          |       |     3 |       |     3 ||     6

Table legend: (Time is in decaauts)
 A = Elapsed time spent in this place.
 B = Non-inter-level travel time spent in this place.
 C = Inter-level travel time spent in this place.
 D = Time resting spent in this place.
 E = Time spent auto-exploring this place.
 F = Levels seen in this place.
 G = Mean time per level.
                   A        B        C        D        E       F      G
               +--------+--------+--------+--------+--------+-----+--------+
         Total |  13429 |  13057 |    372 |   2341 |   8662 |  12 | 1119.1 |
       Dungeon |  12268 |  11896 |    372 |   1896 |   8206 |  10 | 1226.8 |
        Temple |     47 |     47 |      0 |      0 |     34 |   1 |   47.0 |
         Sewer |   1113 |   1113 |      0 |    445 |    421 |   1 | 1113.0 |
               +--------+--------+--------+--------+--------+-----+--------+

Top non-repeatable levels by time:
     D:9: 2000 daAuts
     D:7: 1493 daAuts
     D:5: 1475 daAuts
     D:1: 1351 daAuts
     D:6: 1246 daAuts
     D:8: 1132 daAuts
   Sewer: 1113 daAuts
     D:4: 1111 daAuts
     D:2: 999 daAuts
     D:3: 908 daAuts
    D:10: 548 daAuts
  Temple: 47 daAuts
